 Dungeon Crawl Stone Soup version 0.14-a0-759-g26e2352 (webtiles) character file.

263 PolkaDot the Vexing (level 4, 0/30 HPs)
             Began as a Vampire Enchanter on Nov 8, 2013.
             Killed by divine providence
             ... invoked by an orc priest
              (17 damage)
             ... on Level 3 of the Dungeon.
             The game lasted 00:06:10 (1905 turns).

PolkaDot the Vexing (Vampire Enchanter)             Turns: 1905, Time: 00:06:10

HP   0/30        AC  3     Str  7      XL: 4   Next: 89%
MP  17/17        EV 12     Int 17      God:
Gold 133         SH  0     Dex 15      Spells:  2 memorised,  1 level left

Res.Fire  : . . .   See Invis. : +   p - +0,+1 elf dagger
Res.Cold  : . . .   Warding    : .   b - +1 robe
Life Prot.: . . .   Conserve   : .   (no shield)
Res.Poison: .       Res.Corr.  : .   (no helmet)
Res.Elec. : .       Clarity    : .   (no cloak)
Sust.Abil.: . .     Spirit.Shd : .   (no gloves)
Res.Mut.  : .       Stasis     : .   (no boots)
Res.Rott. : .       Flight     : .   (no amulet)
Saprovore : . . .                    n - ring of magical power
                                     k - ring of teleport control

@: regenerating quickly, slightly resistant to hostile enchantments, stealthy
A: fangs 3, see invisible, unbreathing
a: Evoke Teleport Control


You were on level 3 of the Dungeon.
You were very full.

You visited 1 branch of the dungeon, and saw 3 of its levels.

You collected 133 gold pieces.

Inventory:

Hand weapons
 p - a +0,+1 elven dagger (weapon)
Missiles
 d - 12 darts (quivered)
Armour
 b - a +1 robe (worn)
Magical devices
 m - a wand of polymorph (11) {unknown}
Scrolls
 a - 2 scrolls of enchant armour {unknown}
 f - a scroll of curse weapon {unknown}
 g - a scroll of random uselessness {unknown}
 h - 4 scrolls of identify {unknown}
 i - 2 scrolls of remove curse {unknown}
 l - a scroll of curse armour {unknown}
 q - a scroll of recharging {unknown}
Jewellery
 k - a ring of teleport control (left hand)
 n - a ring of magical power (right hand)
Potions
 e - a potion of might {unknown}
 j - 2 potions of agility {unknown}
Books
 c - a book of Maledictions

   Spells                             Type                      Level
   *Corona                            Hexes                        1
   Sure Blade                         Hexes/Charms                 2
   Ensorcelled Hibernation            Hexes/Ice                    2
   *Confuse                           Hexes                        3
   Enslavement                        Hexes                        4
   Invisibility                       Hexes                        6
 o - a book of Geomancy

   Spells                             Type                      Level
   Sandblast                          Earth                        1
   Stoneskin                          Transmutation/Earth          2
   Passwall                           Transmutation/Earth          3
   Stone Arrow                        Conjuration/Earth            3
   Petrify                            Transmutation/Earth          4
   Lee's Rapid Deconstruction         Earth                        5


   Skills:
 + Level 4.1 Short Blades
 - Level 0.7 Throwing
 - Level 2.1 Dodging
 - Level 3.0 Stealth
 - Level 1.0 Spellcasting
 * Level 6.2 Hexes


You had one spell level left.
You knew the following spells:

 Your Spells              Type           Power        Failure   Level  Hunger
A - Corona                Hex            ###....      1%          1    ##.....
C - Confuse               Hex            ###.....     8%          3    ####...


Dungeon Overview and Level Annotations

Branches:
Dungeon (3/27)

Altars:


Innate Abilities, Weirdness & Mutations

Your natural rate of healing is unusually fast.
You have razor-sharp teeth.*
You have supernaturally acute eyesight.
You can survive without breathing.*


Message History

The orc closely misses you.
You hit the orc.
The orc is heavily wounded.
The orc misses you.
You hit the orc.
The orc is heavily wounded.
You hit the orc.
The orc is severely wounded.
The orc hits you with an orcish club.
You barely miss the orc.
The orc is severely wounded.
The orc hits you with an orcish club.
You hit the orc.
You kill the orc!
You hit the orc.
The orc is almost dead.
The orc priest calls down the wrath of Beogh upon you.
Something smites you!
Ouch! That really hurt!
You die...

..)..# #.##......#####.##
.....####.##......# #....#
.)................###....#
.........................#
.######....#......###....#
#..o.#..<...# #....#
#....#......# #....#
.######....##########....#
..........rooo.o@.....[..#
#####################....#
#....# ######


You could see an orc priest, 3 orcs and a quokka.

Vanquished Creatures
  2 adders (D:2)
  4 gnolls (D:2)
  A worm (D:2)
  2 giant geckos
  2 oozes (D:1)
  An orc (D:3)
  5 bats
  3 giant cockroaches
  12 goblins
  8 hobgoblins
  5 kobolds
  2 quokkas
  3 giant newts
  9 rats
59 creatures vanquished.

Notes
Turn   | Place    | Note
--------------------------------------------------------------
     0 | D:1      | PolkaDot, the Vampire Enchanter, began the quest for the Orb.
     0 | D:1      | Reached XP level 1. HP: 13/13 MP: 4/4
     3 | D:1      | Noticed a giant goldfish
     3 | D:1      | Noticed a shark
   164 | D:1      | Reached XP level 2. HP: 10/19 MP: 5/5
   864 | D:2      | Reached XP level 3. HP: 16/24 MP: 6/6
   880 | D:2      | Learned a level 3 spell: Confuse
   993 | D:2      | Reached skill level 5 in Hexes
  1286 | D:2      | Reached XP level 4. HP: 17/30 MP: 8/8
  1629 | D:2      | Reached skill level 6 in Hexes
  1905 | D:3      | Killed from afar by an orc priest

Action                   |  1- 3 |  4- 6 || total
-------------------------+-------+-------++-------
Melee: Dagger            |   190 |   103 ||   293
 Cast: Confuse           |     1 |     5 ||     6
  Use: Potion            |     1 |       ||     1
 Stab: Sleeping          |     6 |     1 ||     7
       Distracted        |     1 |       ||     1
       Confused          |     1 |     4 ||     5
